 Dungeon Crawl Stone Soup version 0.31-a0-175-g9f7f995f2b (webtiles) character file.

Game seed: 2446904574424495336

58 qw the Shooter (level 4, -2/39 HPs)
             Began as a Naga Hunter on June 16, 2023.
             Killed from afar by a dart slug (3 damage)
             ... with a slug dart
             ... on level 2 of the Dungeon.
             The game lasted 00:00:18 (589 turns).

qw the Shooter (Naga Hunter)                         Turns: 589, Time: 00:00:19

Health: -2/39      AC:  2    Str: 20    XL:     4   Next: 1%
Magic:  4/4        EV:  9    Int:  9    God:
Gold:   50         SH:  0    Dex: 16    Spells: 3/3 levels left

rFire   . . .        Y - +0 shortbow
rCold   . . .        (shield currently unavailable)
rNeg    . . .        c - +0 leather armour
rPois   +            (no helmet)
rElec   .            (no cloak)
rCorr   .            (no gloves)
SInv    +            (no barding)
Will    .....        (no amulet)
Stlth   ++           d - +6 ring of strength
HPRegen 0.26/turn    (no ring)
MPRegen 0.09/turn

%: no passive effects
@: short of breath, very slow
A: AC +1, large, see invisible, deformed body, poison resistance, slowness 2,
spit poison 1, naga tail 1
a: Spit Poison


You were on level 2 of the Dungeon.
You visited 1 branch of the dungeon, and saw 2 of its levels.

You collected 50 gold pieces.


Innate Abilities, Weirdness & Mutations

Your serpentine skin is tough. (AC +1)
You have supernaturally acute eyesight. (SInv)
Armour fits poorly on your strangely shaped body.
Your system is resistant to poisons. (rPois)
You cover ground very slowly.
You can spit poison.
You have a snake-like lower body.


   Skills:
 + Level 2.0 Fighting
 - Level 5.0 Ranged Weapons
 - Level 1.5 Dodging
 - Level 1.5 Stealth


You had 3 spell levels left.
You didn't know any spells.
Your spell library was empty.

Inventory:

Hand Weapons
 Y - a +0 shortbow (weapon)
Armour
 c - a +0 leather armour (worn)
Jewellery
 d - a +6 ring of strength (left hand)
Potions
 e - a potion of attraction {unknown}
 f - a potion of curing
 i - a potion of lignification {unknown}

Dungeon Overview and Level Annotations

Branches:
Dungeon (2/15)

Altars:


Message History

The worm bites you.
You shoot an arrow. The arrow hits the worm.
The worm is moderately wounded.
You shoot an arrow. The arrow hits the worm!
You kill the worm!
Your Ranged Weapons skill increases to level 5!
You have reached level 4!
You feel stronger.
You shoot an arrow.
The arrow hits the dart slug but does no damage.
You shoot an arrow. The arrow hits the dart slug.
The dart slug is moderately wounded.
You shoot an arrow. The arrow hits the dart slug.
The dart slug is severely wounded.
You hear a shout!
You shoot an arrow.
The arrow hits the dart slug but does no damage.
The dart slug is severely wounded.
You have got your breath back.
The dart slug launches a dart at you. The slug dart hits you.
586 ||| INVOKING Spit Poison.
Aiming: Spit Poison (1% risk of failure)
Press: ? - help, Shift-Dir - straight line, f - gnoll, p - dart slug The splash of poison hits the gnoll.
The gnoll is moderately wounded.
The gnoll hits you with a +0 spear. The dart slug launches a dart at you.
The slug dart hits you but does no damage.
You shoot an arrow. The arrow hits the gnoll.
The gnoll is severely wounded.
The gnoll barely misses you.
You shoot an arrow.
The arrow hits the gnoll but does no damage.
The gnoll is severely wounded.
The gnoll hits you with a +0 spear.
You shoot an arrow. The arrow hits the gnoll.
You kill the gnoll!
The dart slug launches a dart at you. The slug dart hits you.
You die...

. .g ########## ..#
#........# w.
##.#####.####.#
#........#).g.#
#..#######)#######.
#...<#....<@.......
#...##.#.#.########
#...##.#.#w#
#......#.#.#
#.#.####.#.# #....#
#.#.# ####.# #.#.#
### #.#.# #.#


You could see a dart slug.

Vanquished Creatures
  3 gnolls (D:2)
  A worm (D:2)
  6 ball pythons (D:1)
  4 endoplasms (D:1)
  A giant cockroach (D:1)
  3 goblins (D:1)
  3 hobgoblins
  2 jackals (D:1)
  A quokka (D:1)
  2 bats (D:1)
  5 kobolds (D:1)
  3 rats (D:1)
34 creatures vanquished.

Notes
Turn   | Place    | Note
-------+----------+-------------------------------------------
     0 | D:1      | qw the Naga Hunter began the quest for the Orb.
     0 | D:1      | Reached XP level 1. HP: 19/19 MP: 1/1
     0 | D:1      | 0 ||| qw: Version: 0.2-a-29-g511e9b1
     0 | D:1      | 0 ||| qw: Game counter: 5864
     0 | D:1      | 0 ||| qw: Always use a shield: true
     0 | D:1      | 0 ||| qw: God list: Okawaru
     0 | D:1      | 0 ||| qw: Allow faded altars: false
     0 | D:1      | 0 ||| qw: Do Orc after D:15 true
     0 | D:1      | 0 ||| qw: Do second Lair branch before Depths: true
     0 | D:1      | 0 ||| qw: Lair rune preference: random
     0 | D:1      | 0 ||| qw: Plans: Normal
     0 | D:1      | 0 ||| PLANNING D:1-11
    60 | D:1      | 60 ||| INVOKING Spit Poison.
    71 | D:1      | 71 ||| INVOKING Spit Poison.
    81 | D:1      | Reached skill level 4 in Ranged Weapons
    81 | D:1      | Reached XP level 2. HP: 26/26 MP: 2/2
    92 | D:1      | 92 ||| INVOKING Spit Poison.
   135 | D:1      | 135 ||| INVOKING Spit Poison.
   163 | D:1      | 163 ||| INVOKING Spit Poison.
   182 | D:1      | 182 ||| INVOKING Spit Poison.
   188 | D:1      | 188 ||| INVOKING Spit Poison.
   194 | D:1      | 194 ||| INVOKING Spit Poison.
   233 | D:1      | 233 ||| INVOKING Spit Poison.
   237 | D:1      | Reached XP level 3. HP: 32/32 MP: 3/3
   243 | D:1      | 243 ||| INVOKING Spit Poison.
   290 | D:1      | 290 ||| INVOKING Spit Poison.
   296 | D:1      | 296 ||| INVOKING Spit Poison.
   410 | D:1      | 410 ||| INVOKING Spit Poison.
   514 | D:1      | 514 ||| UPGRADING to +6 ring of strength.
   515 | D:1      | 515 ||| DROPPING ring of flight.
   516 | D:1      | 516 ||| READING scroll labelled BAYRUZ UMEZ.
   517 | D:1      | 517 ||| READING scroll labelled BAASYUDUODI.
   518 | D:1      | 518 ||| DRINKING 2 puce potions.
   519 | D:1      | 519 ||| DROPPING scroll of butterflies.
   564 | D:2      | 564 ||| Stepping ~*~*~tactically~*~*~ (outnumbered).
   567 | D:2      | 567 ||| INVOKING Spit Poison.
   568 | D:2      | 568 ||| Stepping ~*~*~tactically~*~*~ (outnumbered).
   569 | D:2      | HP: 8/32 [gnoll/+0 halberd (11)]
   571 | D:2      | 571 ||| INVOKING Spit Poison.
   579 | D:2      | 579 ||| INVOKING Spit Poison.
   582 | D:2      | Reached skill level 5 in Ranged Weapons
   582 | D:2      | Reached XP level 4. HP: 12/39 MP: 4/4
   586 | D:2      | 586 ||| INVOKING Spit Poison.
   586 | D:2      | HP: 6/39 [gnoll/+0 spear (5)]
   588 | D:2      | HP: 1/39 [gnoll/+0 spear (6)]
   589 | D:2      | Killed from afar by a dart slug

Levels and vault maps discovered:
D:1:      minmay_arrival_radiant_lines, layout_rooms, kennysheep_minor_cross,
          minmay_split_cup_large
D:2:      layout_basic, kennysheep_generic_room_7

Skill      XL: |  1  2  3 |
---------------+----------+-----
Ranged Weapons | 4 5 |  5.0
Fighting       | |  2.0
Dodging        | |  1.5
Stealth        | |  1.5

Action                     |  1- 3 |  4- 6 || total
---------------------------+-------+-------++-------
   Fire: Shortbow          |    52 |     7 ||    59
Ability: Spit Poison       |    16 |     1 ||    17
    Use: Scroll            |     2 |       ||     2
         Potion            |     1 |       ||     1
 Armour: Leather armour    |     1 |     1 ||     2
  Dodge: Dodged            |     7 |     1 ||     8

Table legend:
 A = Non-vault XP
 B = Vault XP
 C = Vault XP percentage of total XP
 D = Non-vault monster count
 E = Vault monster count
 F = Vault count percentage of total count
                 A         B        C        D         E       F
            +---------+---------+-------+---------+---------+-------
      Total |      90 |       7 |   7.2 |      30 |       4 |  11.8
            +---------+---------+-------+---------+---------+-------
        D:1 |      41 |       7 |  14.6 |      25 |       4 |  13.8
        D:2 |      49 |       0 |   0.0 |       5 |       0 |   0.0
            +---------+---------+-------+---------+---------+-------
